AoeStats
← [CL] ßitokø × 1876

Socotra

506549689Analyzed
3v3 RM · 18d ago on Sep 14, 2026· 34m 2s· 6 players
Game mode
Random Map
Map size
128×128
Population
200
Speed
Normal
Resources
Standard
Victory
Conquest
Starting age
Dark Age
Ending age
Imperial Age
RankedLock teamsTeams togetherTeam positionsShared explorationLock speedFull tech treeHidden civsTurbo modeCheats
Victory
Defeat
🇦🇷 Jurchens · Argentina
1599
+17
🇦🇷 Shu · Argentina
1571
+18
🇦🇷 Sicilians · Argentina
1462
+23
🇨🇱 Huns · Chile
1689
-22
🇨🇱 Cumans · Chile
1604
-19
🇨🇱 Khmer · Chile
1557
-17
Ds3.TheRazor
5:31 Loom
8:36 Feudal Age
16:47 Fletching
24:26 Castle Age
23:12 Double-Bit Axe
23:55 Scale Mail Armor
25:18 Forging
27:44 Chain Mail Armor
31:21 Iron Casting
Ds3.Anakin
6:14 Loom
8:59 Feudal Age
13:34 Fletching
21:40 Castle Age
19:55 Double-Bit Axe
20:11 Horse Collar
21:15 Gold Mining
22:19 Bodkin Arrow
22:13 Crossbowman
26:57 Wheelbarrow
28:25 Ballistics
30:05 Thumb Ring
30:08 Town Watch
30:36 Padded Archer Armor
32:27 Leather Archer Armor
33:23 Bow Saw
Ds3.SoLid
6:49 Loom
8:49 Feudal Age
7:06 Loom
9:45 Double-Bit Axe
13:34 Horse Collar
15:33 Scale Barding Armor
18:32 Forging
20:30 Wheelbarrow
21:27 Bloodlines
23:36 Castle Age
22:26 Bloodlines
22:38 Bloodlines
24:47 Chain Barding Armor
24:55 Husbandry
29:05 Iron Casting
29:50 Bow Saw
30:51 Heavy Plow
31:14 Hand Cart
[CL] FARFANA
5:47 Loom
9:06 Feudal Age
13:17 Fletching
16:05 Padded Archer Armor
25:20 Castle Age
25:23 Crossbowman
27:58 Double-Bit Axe
29:50 Ballistics
30:51 Leather Archer Armor
30:38 Bodkin Arrow
32:37 Bow Saw
Darth Maul
6:47 Loom
9:18 Feudal Age
9:47 Double-Bit Axe
9:46 Horse Collar
17:59 Scale Barding Armor
20:40 Forging
25:19 Castle Age
24:11 Bloodlines
25:12 Gold Mining
25:21 Light Cavalry
26:04 Husbandry
26:50 Chain Barding Armor
28:36 Wheelbarrow
[CL] ßitokø × 1876
6:14 Loom
9:16 Feudal Age
9:51 Double-Bit Axe
14:22 Fletching
23:45 Castle Age
21:53 Horse Collar
23:30 Padded Archer Armor
24:23 Bodkin Arrow
23:51 Crossbowman
27:34 Ballistics
Connection lost

Rejoining the realm…

Still unreachable

The connection could not be restored.

Session expired

The server has moved on; the page needs a fresh start.